Map: Orbital Shipyard

Players

Bop

  • Race: Zerg Zerg

Bones - Winner!

  • Race: Protoss Protoss

VOD

Have the link to the VOD?

Description

Time

  • Played on: May 1, 2015, 1:59 a.m.
  • Length: 12:08
Show
View Real Time Build Order
Export as new Build Order

Bop Zerg 

Build Orders: Hatch First 

Get SALT Encoding   

  12  0:00  Drone  
  13  0:10  Drone  
  14  0:19  Extractor  
  14  0:20  Drone  
  14  0:23  Drone, Extractor  
  16  0:43  Hatchery  
  15  0:56  Spawning Pool  
  14  1:04  Overlord  
  14  1:14  Drone, Extractor  
  14  1:16  Drone, Extractor  
  16  1:23  Drone  
  17  1:28  Drone  
  18  1:43  Queen  
  18  1:44  Zergling x2  
  21  1:54  Queen, Zergling x2  
  24  2:02  Overlord  
  24  2:12  Drone  
  24  2:15  Drone  
  26  2:18  Queen  
  28  2:23  Drone x3  
  28  2:28  Overlord  
  31  2:30  Queen  
  31  2:36  Drone  
  34  2:48  Drone x3  
  37  2:54  Queen  
  37  2:58  Drone  
  40  3:00  Extractor  
  40  3:01  Extractor  
  40  3:03  Drone  
  39  3:06  Drone  
  39  3:11  Drone  
  41  3:18  Drone  
  42  3:24  Drone  
  42  3:26  Hatchery  
  41  3:28  Drone x2  
  41  3:29  Overlord x2  
  43  3:42  Overlord  
  43  3:43  Overlord  
  42  3:53  Drone x6  
  44  4:01  Drone x2  
  46  4:07  Roach Warren  
  46  4:08  Drone x4  
  49  4:13  Drone  
  50  4:24  Extractor  
  50  4:30  Drone x2  
  50  4:31  Drone  
  51  4:45  Drone x10  
  61  4:49  Metabolic Boost, Lair  
  61  4:50  Overlord  
  61  4:52  Roach  
  63  5:10  Roach  
  63  5:11  Roach x6  
  63  5:12  Overlord x2  
  77  5:14  Extractor  
  77  5:16  Drone x3  
  79  5:26  Overlord  
  79  5:27  Drone x2  
  81  5:36  Drone x5  
  81  5:37  Drone x4  
  90  5:43  Overlord x2  
  90  5:47  Glial Reconstitution  
  90  5:49  Burrow  
  90  5:52  Roach x5  
  99  5:57  Zergling x6  
  99  6:01  Ravager  
  99  6:02  Ravager, Zergling x2  
  104  6:06  Zergling x12  
  104  6:10  Zergling x6  
  104  6:11  Zergling x2  
  114  6:22  Zergling x6  
  114  6:24  Ravager x3  
  120  6:27  Queen x2  
  120  6:28  Overlord  
  124  6:42  Overlord x2  
  124  6:47  Ravager x3  
  125  6:49  Zergling x2  
  125  6:50  Zergling x18  
  125  6:51  Overlord x2  
  137  7:00  Queen  
  139  7:02  Zergling x6  
  139  7:06  Queen x2  
  146  7:09  Overlord x2  
  146  7:16  Ravager x4  
  146  7:18  Drone x2  
  146  7:21  Spine Crawler, Extractor  
  146  7:22  Spine Crawler  
  149  7:23  Spine Crawler x2  
  149  7:24  Spine Crawler x2  
  149  7:27  Drone x2  
  147  7:36  Queen  
  147  7:38  Overseer  
  147  7:43  Zergling x24  
  159  8:01  Roach x4  
  167  8:13  Roach  
  167  8:14  Roach x4  
  177  8:28  Roach  
  177  8:29  Roach x2  
  183  8:43  Overlord x5  
  183  8:47  Extractor  
  164  9:07  Roach x5  
  164  9:08  Roach x5  
  164  9:09  Hatchery  
  117  9:25  Roach  
  117  9:26  Roach x9  
  127  9:36  Roach  
  127  9:37  Roach x2, Queen x2  
  132  9:38  Ravager x2  
  132  9:39  Ravager x2  
  132  9:41  Ravager x3  
  132  9:45  Roach x3  
  133  9:54  Ravager x5  
  133  9:55  Ravager  
  133  9:58  Zergling x4  
  141  10:02  Ravager  
  141  10:05  Zergling x4  
  139  10:12  Queen x2  
  137  10:28  Zergling x20  
  132  10:35  Drone  
  132  10:36  Drone, Baneling Nest  
  133  10:44  Zergling x2  
  132  10:58  Zergling x2  
  132  10:59  Zergling x4  
  133  11:06  Hatchery  
  133  11:10  Zergling x18  
  137  11:22  Baneling x14  
  137  11:23  Baneling x14  
  137  11:24  Zergling x4  
  127  11:37  Zergling x4  
Show
View Real Time Build Order
Export as new Build Order

Bones Protoss - Winner!

Build Orders: Nexus First 

Get SALT Encoding   

  12  0:01  Probe  
  13  0:13  Probe  
  14  0:41  Nexus  
  14  0:50  Pylon  
  14  1:08  Probe (Chrono Boost), Gateway  
  16  1:19  Probe (Chrono Boost)  
  16  1:25  Probe (Chrono Boost)  
  17  1:35  Probe (Chrono Boost)  
  18  1:40  Assimilator x2  
  18  1:42  Probe  
  19  1:52  Gateway  
  19  1:53  Probe  
  20  1:54  Probe  
  20  1:56  Cybernetics Core  
  21  2:06  Probe x2  
  23  2:18  Zealot  
  23  2:20  Probe (Chrono Boost)  
  27  2:23  Probe (Chrono Boost)  
  28  2:31  Probe (Chrono Boost)  
  28  2:32  Probe (Chrono Boost)  
  28  2:35  Warp Gate  
  29  2:39  Probe (Chrono Boost)  
  29  2:43  Adept (Chrono Boost)  
  32  2:45  Adept (Chrono Boost)  
  32  2:48  Probe  
  32  2:50  Mothership Core  
  36  2:56  Pylon  
  36  3:14  Probe x2 (Chrono Boost)  
  36  3:17  Robotics Facility  
  38  3:26  Probe x2 (Chrono Boost)  
  40  3:32  Adept  
  40  3:33  Probe x2 (Chrono Boost)  
  44  3:37  Pylon  
  44  3:55  Probe x2  
  46  4:05  Immortal (Chrono Boost)  
  46  4:07  Probe x2  
  46  4:09  Pylon  
  50  4:17  Gateway x2, Pylon  
  50  4:18  Gateway  
  50  4:37  Immortal (Chrono Boost)  
  54  4:49  Adept  
  54  4:52  Adept  
  58  4:58  Gateway x2  
  58  4:59  Gateway  
  58  5:01  Pylon  
  58  5:06  Warp Prism (Chrono Boost)  
  60  5:12  Adept x2  
  64  5:15  Adept  
  64  5:16  Adept  
  68  5:22  Pylon  
  68  5:27  Probe  
  69  5:32  Observer (Chrono Boost)  
  69  5:33  Adept x2  
  69  5:34  Adept  
  76  5:41  Pylon  
  76  5:42  Pylon  
  76  5:53  Adept x3  
  76  5:54  Adept  
  84  5:58  Pylon  
  84  6:26  Adept x2  
  84  6:27  Adept x6  
  100  6:38  Immortal (Chrono Boost)  
  104  6:51  Pylon  
  104  6:59  Adept x2  
  108  7:11  Adept x4  
  116  7:19  Pylon  
  116  7:21  Pylon  
  116  7:32  Pylon  
  116  7:34  Pylon  
  116  7:38  Immortal (Chrono Boost)  
  116  7:42  Adept x6, Pylon  
  132  7:58  Adept x2  
  136  8:06  Pylon  
  136  8:10  Adept x4  
  136  8:11  Adept x2  
  148  8:26  Adept x2  
  152  8:31  Adept x5  
  162  8:34  Adept  
  162  8:38  Pylon  
  162  8:39  Pylon  
  164  8:49  Pylon  
  162  8:56  Observer (Chrono Boost)  
  152  9:03  Adept x3  
  152  9:05  Zealot x5  
  98  9:24  Adept x3  
  98  9:25  Adept  
  98  9:26  Zealot x3  
  106  9:38  Adept  
  106  9:39  Warp Prism (Chrono Boost)  
  110  10:02  Adept x2  
  110  10:03  Adept x5  
  114  10:30  Adept x6  
  126  10:35  Adept  
  126  10:38  Adept  
  130  10:52  Forge  
  130  10:53  Adept x3  
  131  11:27  Adept x7  
  135  11:42  Adept  
  113  11:49  Adept  
  113  11:50  Adept x3  
  89  12:01  Adept x2  
Tags
 
Add a new tag
Caveats
  • Supply blocks, unpowered buildings, or Contaminate may cause inaccurate times.
  • Supply counts are checked every 10 seconds.